[Event "Titled Tuesday Blitz January 10 Late 2023"]
[White "Chor, Kevin"]
[Black "Galperin, Platon"]
[WhiteFideId "2090740"]
[BlackFideId "14165414"]
[WhiteElo "1944"]
[BlackElo "2528"]
[Result "1-0"]
[Round "02"]
[TimeControl "180+2"]
[Date "2023.01.10"]
[WhiteClock "0:00:11"]
[BlackClock "0:00:40"]

1. e4 c5 2. Nf3 d6 3. d4 Nf6 4. Nc3 cxd4 5. Nxd4 g6 6. Be3 Nc6 7. f3 h5 8. Qd2 Nxd4 9. Bxd4 Bh6 10. Be3 Bxe3 11. Qxe3 Qa5 12. O-O-O Be6 13. Kb1 O-O 14. Be2 Rfc8 15. a3 b5 16. Nd5 Bxd5 17. exd5 b4 18. Qxe7 Kg7 19. Qxd6 Rab8 20. Bd3 bxa3 21. b3 Nxd5 22. Qe5+ Kg8 23. Ka1 Re8 24. Qd4 Rb4 25. Bc4 Nb6 26. Rhe1 Rf8 27. Re5 Rxc4 28. Rxa5 Rxd4 29. Rxd4 Re8 30. Re4 Rd8 31. Rxa7 Rd2 32. Rxa3 Rxc2 33. Ra2 Rc5 34. Kb2 Rg5 35. g3 h4 36. Rxh4 Nd5 37. Rd4 Ne3 38. Re4 Nf1 39. Kc3 Rc5+ 40. Kb4 Rd5 41. Rf2 Nd2 42. Ree2 Nb1 43. Kc4 Rd8 44. Rb2 Rc8+ 45. Kb4 Nc3 46. Rbc2 Nd5+ 47. Ka3 Ra8+ 48. Kb2 Nb4 49. Rcd2 Kg7 50. Rfe2 Rb8 51. Re4 Nc6 52. Rc2 Na5 53. Rc3 Rb6 54. b4 f5 55. Re7+ Kf6 56. Ra7 Rxb4+ 57. Ka3 Rb5 58. Ka4 Rc5 59. Ra6+ Rc6 60. Kxa5 Rxa6+ 61. Kxa6 1-0


[Site "https://www.chess.com"]

[Event "Titled Tuesday Blitz January 10 Late 2023"]
[White "Moroni, Luca Jr"]
[Black "Kourkoulos-Arditis, Stamatis"]
[WhiteFideId "865834"]
[BlackFideId "4221990"]
[WhiteElo "2535"]
[BlackElo "2539"]
[Result "1-0"]
[Round "02"]
[TimeControl "180+2"]
[Date "2023.01.10"]
[WhiteClock "0:00:11"]
[BlackClock "0:00:06"]

1. d4 Nf6 2. Nf3 c5 3. c4 g6 4. Nc3 Bg7 5. e4 O-O 6. Be2 d6 7. O-O Bg4 8. d5 Na6 9. Ne1 Bxe2 10. Qxe2 Re8 11. Nf3 e6 12. dxe6 Rxe6 13. Re1 Qe8 14. Bg5 h6 15. Bxf6 Bxf6 16. Nd5 Bg7 17. Rad1 Kh7 18. Nf4 Rf6 19. Nd5 Re6 20. h4 f5 21. Nd2 Qf7 22. Qf3 Rae8 23. b3 Nb4 24. Nxb4 cxb4 25. Re3 Bd4 26. Rd3 Bc5 27. exf5 Rf6 28. Rd5 gxf5 29. Nf1 Qg6 30. Ng3 f4 31. Nh5 Rf7 32. Nxf4 Qf6 33. g3 Rg8 34. Kf1 Rgf8 35. Re1 Qc3 36. Qxc3 bxc3 37. Rc1 Rxf4 38. gxf4 Rxf4 39. Rxc3 Rxf2+ 40. Ke1 Rxa2 41. Rf3 Kg6 42. h5+ Kg7 43. Rdf5 Bd4 44. Rf7+ Kg8 45. Rxb7 Be5 46. Rff7 Rb2 47. Rfc7 Bc3+ 48. Kf1 Bg7 49. Rxg7+ 1-0


[Site "https://www.chess.com"]

[Event "Titled Tuesday Blitz January 10 Late 2023"]
[White "Hamitevici, Vladimir"]
[Black "Hansen, Eric"]
[WhiteFideId "13902393"]
[BlackFideId "2606771"]
[WhiteElo "2496"]
[BlackElo "2609"]
[Result "0-1"]
[Round "02"]
[TimeControl "180+2"]
[Date "2023.01.10"]
[WhiteClock "0:00:04"]
[BlackClock "0:00:03"]

1. d4 Nf6 2. c4 e6 3. Nc3 Bb4 4. e3 O-O 5. Bd2 b6 6. Nge2 Bb7 7. a3 Be7 8. Nf4 d5 9. cxd5 exd5 10. Bd3 c5 11. Qf3 Nc6 12. Ncxd5 cxd4 13. Qh3 g6 14. Nxe7+ Qxe7 15. O-O Rad8 16. Rfe1 dxe3 17. Rxe3 Qd6 18. Rg3 Ne5 19. Bb4 Qd4 20. Ne2 Qd5 21. Bxf8 Rxf8 22. Nc3 Qd4 23. Rd1 Bc8 24. Bf5 Qc5 25. Bxc8 Rxc8 26. Qh4 Rc6 27. Qd4 Qe7 28. Qd8+ Qxd8 29. Rxd8+ Kg7 30. h3 Nc4 31. Nd1 Re6 32. Rc3 b5 33. Rc2 Re1+ 34. Kh2 a6 35. Ne3 Nxe3 36. fxe3 h5 37. Rd6 h4 38. Rd4 g5 39. Rc5 Kg6 40. Rd6 Rf1 41. Rxa6 Kh5 42. Rxb5 Ne4 43. Rb8 f6 44. Rh8+ Kg6 45. Rf8 Kg7 46. Re8 Ng3 47. Re7+ Kf8 48. Raa7 Rh1# 0-1


[Site "https://www.chess.com"]

[Event "Titled Tuesday Blitz January 10 Late 2023"]
[White "Djokic, Mihailo"]
[Black "Svane, Frederik"]
[WhiteFideId "976440"]
[BlackFideId "12923044"]
[WhiteElo "2192"]
[BlackElo "2600"]
[Result "1-0"]
[Round "02"]
[TimeControl "180+2"]
[Date "2023.01.10"]
[WhiteClock "0:00:57"]
[BlackClock "0:00:03"]

1. e4 c5 2. Nf3 e6 3. d4 cxd4 4. Nxd4 Nc6 5. Nc3 a6 6. Be2 d6 7. O-O Nf6 8. Be3 Be7 9. f4 O-O 10. Kh1 Nxd4 11. Qxd4 Bd7 12. Rad1 Bc6 13. Bf3 Qc7 14. Rd2 Rad8 15. Rfd1 Nd7 16. h3 b5 17. a3 a5 18. b4 e5 19. Qd3 exf4 20. Bxf4 Ne5 21. Qe2 Nc4 22. Nd5 Bxd5 23. Rxd5 Nxa3 24. bxa5 Qxa5 25. Ra1 Qc3 26. Ra2 b4 27. Bd2 Qc7 28. Bxb4 Nc4 29. Rd4 Ne5 30. Ba5 Qa7 31. Bxd8 Qxd4 32. Bxe7 Re8 33. Bh4 h6 34. Bf2 Qb4 35. Qe1 Qc4 36. Rb2 Re6 37. Qe2 Qc3 38. Rb3 Qa1+ 39. Qe1 Qa2 40. Qb1 Qa6 41. Rb5 Qa3 42. Qb2 Qa4 43. Qb3 Qa1+ 44. Kh2 Rf6 45. Bg3 Nxf3+ 46. gxf3 Qf1 47. Qd3 Qc1 48. Rb8+ Kh7 49. e5+ Rg6 50. exd6 h5 51. Rb5 Qh6 52. d7 h4 53. d8=Q hxg3+ 54. Kg2 Qc1 55. Qh4+ Kg8 56. Rb8# 1-0


[Site "https://www.chess.com"]

[Event "Titled Tuesday Blitz January 10 Late 2023"]
[White "Ivic, Velimir"]
[Black "Paszewski, Mateusz"]
[WhiteFideId "950122"]
[BlackFideId "1141058"]
[WhiteElo "2595"]
[BlackElo "2279"]
[Result "1-0"]
[Round "02"]
[TimeControl "180+2"]
[Date "2023.01.10"]
[WhiteClock "0:00:18"]
[BlackClock "0:00:02"]

1. e4 c6 2. d4 d5 3. e5 c5 4. Nf3 cxd4 5. Nxd4 Nc6 6. Nxc6 bxc6 7. Bd3 e6 8. O-O Ne7 9. Nd2 a5 10. Nf3 Ba6 11. Bxa6 Rxa6 12. Qe2 Ra8 13. c4 Ng6 14. g3 Be7 15. h4 O-O 16. h5 Nh8 17. h6 g6 18. Rd1 Qd7 19. Bf4 f6 20. cxd5 cxd5 21. exf6 Bxf6 22. Rac1 Rac8 23. Rxc8 Rxc8 24. Re1 Re8 25. Be5 Qd8 26. Nd4 Bg5 27. Qa6 Nf7 28. Nxe6 Qe7 29. Bc3 Qd6 30. Qxd6 Nxd6 31. Nc7 Rxe1+ 32. Bxe1 Bxh6 33. Nxd5 Bg7 34. b3 Nb7 35. Ne7+ Kf7 36. Nc6 a4 37. bxa4 Ke6 38. a5 Kd5 39. a6 1-0


[Site "https://www.chess.com"]

[Event "Titled Tuesday Blitz January 10 Late 2023"]
[White "Ju, Wenjun"]
[Black "Baskakov, Egor"]
[WhiteFideId "8603006"]
[BlackFideId "24197866"]
[WhiteElo "2550"]
[BlackElo "2215"]
[Result "0-1"]
[Round "02"]
[TimeControl "180+2"]
[Date "2023.01.10"]
[WhiteClock "0:00:06"]
[BlackClock "0:01:26"]

1. Nf3 Nf6 2. g3 e6 3. Bg2 Be7 4. O-O O-O 5. c4 d5 6. d4 Ne4 7. Nbd2 f5 8. Qc2 c6 9. b3 Bd7 10. Bb2 Be8 11. Ne5 Nd7 12. Nxd7 Qxd7 13. Nxe4 fxe4 14. f3 exf3 15. Bxf3 Bg6 16. Qd2 Bd6 17. Rf2 Rf7 18. Raf1 Raf8 19. Qe3 Qe7 20. Kg2 Bf5 21. h4 Bc7 22. Qg5 Qd6 23. c5 Qd7 24. g4 h6 25. Qh5 Bc2 26. g5 g6 27. Qg4 Bf5 0-1


[Site "https://www.chess.com"]

[Event "Titled Tuesday Blitz January 10 Late 2023"]
[White "Sanal, Vahap"]
[Black "Sargsyan, Anna M."]
[WhiteFideId "6300545"]
[BlackFideId "13308130"]
[WhiteElo "2600"]
[BlackElo "2375"]
[Result "1-0"]
[Round "02"]
[TimeControl "180+2"]
[Date "2023.01.10"]
[WhiteClock "0:00:31"]
[BlackClock "0:00:01"]

1. d4 d5 2. Nf3 Nf6 3. e3 g6 4. c4 Bg7 5. Nc3 O-O 6. Be2 dxc4 7. Bxc4 c5 8. O-O cxd4 9. Nxd4 Nbd7 10. Be2 a6 11. Bd2 Nc5 12. Rc1 Bd7 13. Bf3 Qb6 14. b4 Nd3 15. Rb1 Ne5 16. Be2 Rac8 17. Qb3 Nc6 18. Nxc6 Bxc6 19. Rfd1 Ne4 20. Nxe4 Bxe4 21. Rbc1 Rxc1 22. Rxc1 Rd8 23. Be1 e6 24. a4 Bd5 25. Qc2 Qd6 26. a5 Qe5 27. h3 Qg5 28. Bf1 Bf6 29. Rd1 Bc6 30. Rxd8+ Bxd8 31. Bc3 Bf6 32. Bxf6 Qxf6 33. Qd2 Qg5 34. Qd4 Qd5 35. Qxd5 Bxd5 36. f3 f5 37. Kf2 e5 38. Ke1 Kf7 39. Kd2 Ke6 40. Kc3 Kd6 41. f4 exf4 42. exf4 h6 43. Kd4 Bc6 44. g3 Bd5 45. Be2 Bc6 46. h4 Bd5 47. Bd3 h5 48. Bc2 Bf7 49. Ba4 Bg8 50. Be8 Bh7 51. Bf7 Kc6 52. Bd5+ Kb5 53. Kc3 b6 54. Bc4+ Ka4 55. axb6 1-0


[Site "https://www.chess.com"]

[Event "Titled Tuesday Blitz January 10 Late 2023"]
[White "Golubev, Mikhail"]
[Black "Zakhartsov, Vladimir"]
[WhiteFideId "14100983"]
[BlackFideId "4145097"]
[WhiteElo "2461"]
[BlackElo "2552"]
[Result "0-1"]
[Round "02"]
[TimeControl "180+2"]
[Date "2023.01.10"]
[WhiteClock "0:00:34"]
[BlackClock "0:00:56"]

1. e4 e5 2. Nf3 Nc6 3. Bc4 Nf6 4. Ng5 d5 5. exd5 Na5 6. Bb5+ c6 7. dxc6 bxc6 8. Bd3 Bd6 9. O-O O-O 10. Nc3 Bc7 11. b3 h6 12. Nge4 Nd5 13. Ba3 Re8 14. Re1 f5 15. Ng3 e4 16. Bf1 Bb6 17. Na4 Bc7 18. d3 e3 19. fxe3 Nxe3 20. Qd2 f4 21. Ne4 Rxe4 22. b4 Nb7 23. Qc3 Re6 24. d4 Rg6 0-1


[Site "https://www.chess.com"]

[Event "Titled Tuesday Blitz January 10 Late 2023"]
[White "Zhigalko, Sergei"]
[Black "Suder, Jakub"]
[WhiteFideId "13502956"]
[BlackFideId "1195310"]
[WhiteElo "2572"]
[BlackElo "2244"]
[Result "1-0"]
[Round "02"]
[TimeControl "180+2"]
[Date "2023.01.10"]
[WhiteClock "0:00:18"]
[BlackClock "0:00:37"]

1. e4 c5 2. Nf3 e6 3. c3 Nf6 4. e5 Nd5 5. Bc4 d6 6. d4 cxd4 7. cxd4 Nb6 8. Bd3 Bd7 9. Nc3 Bc6 10. O-O N8d7 11. Bf4 Nd5 12. Nxd5 Bxd5 13. exd6 Qb6 14. Ne5 Bxd6 15. Qa4 Bxe5 16. Bxe5 Bc6 17. Qa3 Nxe5 18. dxe5 O-O-O 19. Rfe1 Kb8 20. Rad1 h5 21. Bf1 Qc7 22. Qg3 g6 23. h4 Rxd1 24. Rxd1 Rd8 25. Rd6 Bd5 26. a3 Rc8 27. Bd3 a6 28. Kh2 Ka8 29. Qe3 Qe7 30. Kg3 Qc7 31. Be4 Bxe4 32. Qxe4 Qa5 33. Rd7 Rc7 34. Rd8+ Ka7 35. Qd4+ b6 36. Rd7 Kb7 37. Rxc7+ Kxc7 38. Qd6+ Kc8 39. Qf8+ Kc7 40. Qxf7+ Kc6 41. Qxe6+ Kc7 42. Qd6+ Kc8 43. e6 1-0


[Site "https://www.chess.com"]

[Event "Titled Tuesday Blitz January 10 Late 2023"]
[White "Fiorito, Joaquin"]
[Black "Movahed, Sina"]
[WhiteFideId "180173"]
[BlackFideId "42520835"]
[WhiteElo "2405"]
[BlackElo "2340"]
[Result "1-0"]
[Round "02"]
[TimeControl "180+2"]
[Date "2023.01.10"]
[WhiteClock "0:01:24"]
[BlackClock "0:00:19"]

1. d4 Nf6 2. Nc3 d5 3. Bf4 g6 4. e3 Bg7 5. h4 h5 6. Nf3 O-O 7. Ne5 c5 8. Qd2 cxd4 9. exd4 Nc6 10. O-O-O Bf5 11. f3 Nb4 12. Bd3 Nxd3+ 13. Nxd3 Rc8 14. Kb1 b5 15. Be5 Qb6 16. Nc5 b4 17. Ne2 a5 18. Ng3 Be6 19. Rhe1 a4 20. Bxf6 exf6 21. Qd3 f5 22. Ne2 Bh6 23. g3 Rfd8 24. Nf4 Bxf4 25. gxf4 Bd7 26. Re5 Bb5 27. Qe3 Bc4 28. Rg1 Qf6 29. Rg5 Rb8 30. Rexf5 Qd6 31. Re5 b3 32. cxb3 axb3 33. axb3 Bb5 34. f5 Be8 35. fxg6 fxg6 36. Re6 Qh2 37. Rgxg6+ Bxg6+ 38. Rxg6+ Kf8 39. Qh6+ Ke8 40. Re6+ Kf7 41. Qh7+ Kf8 42. Rf6+ Ke8 43. Qf7# 1-0


[Site "https://www.chess.com"]

[Event "Titled Tuesday Blitz January 10 Late 2023"]
[White "Saveliev, Alexei"]
[Black "Kuznetsov, Felix"]
[WhiteFideId "24128546"]
[BlackFideId "34147990"]
[WhiteElo "2385"]
[BlackElo "2254"]
[Result "1/2-1/2"]
[Round "02"]
[TimeControl "180+2"]
[Date "2023.01.10"]
[WhiteClock "0:00:05"]
[BlackClock "0:00:05"]

1. c4 e6 2. Nc3 b6 3. a3 Bb7 4. d4 Nf6 5. d5 e5 6. e4 d6 7. f4 exf4 8. Bxf4 Nbd7 9. Nf3 Be7 10. Bd3 O-O 11. O-O Ng4 12. h3 Nge5 13. Nxe5 dxe5 14. Bxe5 Nxe5 15. Be2 Bd6 16. Qd2 a5 17. Nb5 Qh4 18. Nxd6 cxd6 19. Qd4 Ba6 20. Rac1 Rab8 21. b4 axb4 22. axb4 Qg5 23. Ra1 Bc8 24. c5 bxc5 25. bxc5 Bxh3 26. Rf2 dxc5 27. Qxc5 Bg4 28. Bf1 Rfc8 29. Qd6 Bh5 30. Ra3 Ng4 31. Rf5 Qh4 32. Rh3 Qe1 33. Rhxh5 Rb1 34. Qd7 Rf8 35. e5 g6 36. e6 gxf5 37. exf7+ Kg7 38. Qxf5 Qxf1+ 39. Qxf1 Rxf1+ 40. Kxf1 Rxf7+ 41. Ke2 Nf6 42. Rg5+ Kh6 43. Rf5 Kg6 44. Rf3 Nxd5 45. Rg3+ Kf6 46. Kd3 Nf4+ 47. Ke4 Ng6 48. Ra3 Kg5 49. Rg3+ Kh4 50. Rb3 Kg4 51. Ke3 h5 52. Rb6 Nf4 53. Rb8 Nxg2+ 54. Ke2 Nf4+ 55. Kf2 h4 56. Kg1 Kg3 57. Rb3+ Kg4 58. Kh2 Re7 59. Rb1 Re2+ 60. Kh1 Rd2 61. Rg1+ Kh3 62. Ra1 Nd3 63. Kg1 Kg3 64. Kh1 h3 65. Rg1+ Kh4 66. Ra1 Nf2+ 67. Kg1 Ng4 68. Kh1 Rd3 69. Rf1 Rd2 70. Ra1 Kg3 71. Rg1+ Kf3 72. Rf1+ Ke4 73. Re1+ Kf4 74. Ra1 Kg5 75. Ra5+ Kh4 76. Ra1 1/2-1/2


[Site "https://www.chess.com"]

[Event "Titled Tuesday Blitz January 10 Late 2023"]
[White "Ibarra Jerez, Jose Carlos"]
[Black "Bayo Milagro, Alvaro"]
[WhiteFideId "2226332"]
[BlackFideId "22275240"]
[WhiteElo "2563"]
[BlackElo "2287"]
[Result "1-0"]
[Round "02"]
[TimeControl "180+2"]
[Date "2023.01.10"]
[WhiteClock "0:00:34"]
[BlackClock "0:00:10"]

1. Nf3 Nf6 2. g3 g6 3. b3 Bg7 4. Bb2 b6 5. Bg2 Bb7 6. c4 c5 7. O-O O-O 8. d4 cxd4 9. Qxd4 Nc6 10. Qc3 d6 11. Rd1 a6 12. Qe1 Qc7 13. Nc3 e6 14. Rac1 Rac8 15. e4 Nd7 16. Rc2 Nc5 17. Rcd2 Rfd8 18. h4 h6 19. Qe3 Nb4 20. a3 Nc6 21. b4 Nb3 22. Rc2 Ne5 23. Ne2 Nxc4 24. Qxb3 Bxe4 25. Bxg7 Bxc2 26. Qxc2 Kxg7 27. Nfd4 Nxa3 28. Qb2 Nc4 29. Nxe6+ 1-0


[Site "https://www.chess.com"]

[Event "Titled Tuesday Blitz January 10 Late 2023"]
[White "Karttunen, Mika"]
[Black "Makarian, Rudik"]
[WhiteFideId "502081"]
[BlackFideId "44105681"]
[WhiteElo "2490"]
[BlackElo "2545"]
[Result "0-1"]
[Round "02"]
[TimeControl "180+2"]
[Date "2023.01.10"]
[WhiteClock "0:00:32"]
[BlackClock "0:01:44"]

1. e4 c5 2. Nf3 e6 3. d4 cxd4 4. Nxd4 a6 5. Nc3 Qc7 6. Be3 Nf6 7. Qf3 d6 8. O-O-O Nbd7 9. Be2 b5 10. a3 Bb7 11. Bd3 Be7 12. Qg3 O-O 13. f4 Nc5 14. Qf3 Rfc8 15. Kb1 Rab8 16. g4 d5 17. e5 Nfe4 18. Na2 Na4 19. f5 Qxe5 20. fxe6 fxe6 21. Bxe4 dxe4 22. Bf4 Qxd4 23. Rxd4 exf3 24. Bxb8 Rxb8 25. Nc1 Bc5 26. Rf4 e5 27. Rf5 Rf8 28. Nd3 Rxf5 29. gxf5 e4 30. Nxc5 Nxc5 0-1


[Site "https://www.chess.com"]

[Event "Titled Tuesday Blitz January 10 Late 2023"]
[White "Gorodetzky, David"]
[Black "Adewumi, Tanitoluwa"]
[WhiteFideId "2813416"]
[BlackFideId "30966396"]
[WhiteElo "2485"]
[BlackElo "2283"]
[Result "1/2-1/2"]
[Round "02"]
[TimeControl "180+2"]
[Date "2023.01.10"]
[WhiteClock "0:00:04"]
[BlackClock "0:00:07"]

1. e4 c5 2. Nf3 e6 3. c3 Nf6 4. e5 Nd5 5. d4 cxd4 6. cxd4 b6 7. Nc3 Bb7 8. Bd3 Nxc3 9. bxc3 d6 10. O-O Nd7 11. Qe2 Be7 12. exd6 Bxd6 13. Ng5 Nf6 14. Bb5+ Kf8 15. Bd3 Qc7 16. f4 Rc8 17. c4 Bb4 18. Bb2 Rd8 19. f5 exf5 20. Rxf5 h6 21. Nf3 Ng4 22. g3 Re8 23. Qc2 Ne3 24. Qb3 a5 25. Rf4 g5 26. Rf6 Ng4 27. Rf5 Bxf3 28. Rxf3 Qd7 29. Raf1 Rg8 30. c5 Re7 31. c6 Qc7 32. Bc4 Rg7 33. d5 Ne5 34. Rf5 Bc5+ 35. Kh1 Ng4 36. Bxg7+ Kxg7 37. d6 Qxc6+ 38. Bd5 Qxd6 39. Rxf7+ Rxf7 40. Rxf7+ Kg6 41. Qd3+ Kh5 42. Qf3 Qe5 43. Bc4 Qe1+ 44. Bf1 Qe3 45. Qxe3 Nxe3 46. Bd3 g4 47. a4 Kg5 48. Rd7 h5 49. Rf7 h4 50. gxh4+ Kxh4 51. Rg7 g3 52. hxg3+ Kh5 53. g4+ Kh4 54. g5 Kg3 55. Rf7 Ng4 56. Be2 Nf2+ 57. Kg1 Ne4+ 58. Kf1 Nxg5 59. Rg7 Kf4 60. Ke1 Ne4 61. Bd3 Bb4+ 62. Kf1 Ke3 63. Bxe4 Kxe4 64. Ke2 Kd4 65. Kd1 Kc3 66. Rg3+ Kb2 67. Rd3 Ka2 68. Ke2 Kb2 69. Ke3 Bc3 70. Ke4 Kb3 71. Kd5 Kb4 72. Kc6 Bb2 73. Rd2 Bc3 74. Rc2 Kb3 75. Rc1 Bd4 76. Kb5 Bc5 77. Rc4 Ka3 78. Rf4 Kb3 79. Rf3+ Kb2 80. Kc4 Ka2 81. Rb3 Bb4 82. Rd3 Bc5 83. Kb5 Kb2 84. Kc4 Ka2 85. Rg3 Kb2 86. Rb3+ Ka2 87. Rc3 Kb2 88. Rd3 Ka2 1/2-1/2


[Site "https://www.chess.com"]

[Event "Titled Tuesday Blitz January 10 Late 2023"]
[White "Bacrot, Etienne"]
[Black "Martins, Bruno Andre Leite"]
[WhiteFideId "605506"]
[BlackFideId "1942255"]
[WhiteElo "2667"]
[BlackElo "2348"]
[Result "0-1"]
[Round "02"]
[TimeControl "180+2"]
[Date "2023.01.10"]
[WhiteClock "0:01:00"]
[BlackClock "0:00:23"]

1. e4 e6 2. Nf3 d5 3. exd5 exd5 4. d4 Nc6 5. Bd3 Bd6 6. O-O Nge7 7. Re1 Bg4 8. c3 Qd7 9. Nbd2 f6 10. b4 a6 11. Qc2 Kf7 12. h3 Bf5 13. Nf1 Bxd3 14. Qxd3 Qf5 15. Qd1 Rhe8 16. Ne3 Qd7 17. Qb3 Kf8 18. Bd2 Nd8 19. c4 c6 20. Re2 Ne6 21. g3 dxc4 22. Nxc4 Nd5 23. Rae1 Nec7 24. Na5 Rxe2 25. Rxe2 b6 26. Qc2 bxa5 27. Qxh7 Re8 28. Qh8+ Kf7 29. Qh5+ Kg8 30. Nh4 Rxe2 31. Qxe2 Qe8 32. Qc4 axb4 33. Nf5 Bf8 34. g4 Nb5 35. h4 Nd6 36. Qc2 Nxf5 37. Qxf5 a5 38. h5 a4 39. Qf3 Qe6 40. Kf1 Ne7 41. h6 gxh6 42. g5 hxg5 0-1


[Site "https://www.chess.com"]

[Event "Titled Tuesday Blitz January 10 Late 2023"]
[White "Janaszak, Dawid"]
[Black "Indjic, Aleksandar"]
[WhiteFideId "1119206"]
[BlackFideId "911925"]
[WhiteElo "2316"]
[BlackElo "2618"]
[Result "0-1"]
[Round "02"]
[TimeControl "180+2"]
[Date "2023.01.10"]
[WhiteClock "0:00:47"]
[BlackClock "0:00:49"]

1. e4 c6 2. d4 d5 3. exd5 cxd5 4. Bd3 Nc6 5. c3 Qc7 6. Ne2 Bg4 7. O-O Nf6 8. Bg5 e6 9. Qe1 Bh5 10. Nf4 Bg6 11. h3 O-O-O 12. Na3 Bxa3 13. bxa3 Na5 14. Rb1 b6 15. Bxg6 hxg6 16. Nd3 Ne4 17. Bf4 Qe7 18. f3 Nd6 19. Ne5 Ndc4 20. Bh2 Nxe5 21. Qxe5 Kb7 22. Qxg7 Nc4 23. Rb4 Rdg8 0-1


[Site "https://www.chess.com"]

[Event "Titled Tuesday Blitz January 10 Late 2023"]
[White "Abdrlauf, Elham"]
[Black "Andreev, Eduard"]
[WhiteFideId "1533533"]
[BlackFideId "14103400"]
[WhiteElo "2518"]
[BlackElo "2413"]
[Result "1-0"]
[Round "02"]
[TimeControl "180+2"]
[Date "2023.01.10"]
[WhiteClock "0:00:07"]
[BlackClock "0:00:14"]

1. e4 c6 2. d4 d5 3. Nc3 dxe4 4. Nxe4 Nf6 5. Nxf6+ exf6 6. Bd3 Qxd4 7. Nf3 Qd8 8. O-O Be6 9. Re1 Be7 10. Nd4 Qxd4 11. Rxe6 Qd8 12. Re1 O-O 13. Qg4 Re8 14. Bf4 Bf8 15. Rad1 Rxe1+ 16. Rxe1 Nd7 17. Re3 g6 18. h4 Nc5 19. h5 Nxd3 20. Rxd3 Qa5 21. Bd2 Qxa2 22. Bc3 Bg7 23. Rd7 Qe6 24. Qxe6 fxe6 25. h6 Bh8 26. Rxb7 f5 27. Bxh8 Kxh8 28. f4 a5 29. Rc7 Kg8 30. Rxc6 a4 31. Rxe6 Kf7 32. Rc6 a3 33. bxa3 Rxa3 34. Rc7+ Kf6 35. Rxh7 Rc3 36. Rd7 Rxc2 37. Rd8 Rc8 38. Rxc8 g5 39. Rc6+ Kf7 40. fxg5 Kg8 41. Rf6 Kh7 42. Rxf5 Kg6 43. Re5 Kh7 44. Kh2 Kg6 45. Kg3 Kh5 46. Kf4 Kg6 47. Kg4 Kh7 48. Re7+ Kg6 49. Rg7# 1-0


[Site "https://www.chess.com"]

[Event "Titled Tuesday Blitz January 10 Late 2023"]
[White "Denishev, Marat"]
[Black "Boros, Denes"]
[WhiteFideId "24131563"]
[BlackFideId "722340"]
[WhiteElo "2255"]
[BlackElo "2406"]
[Result "1-0"]
[Round "02"]
[TimeControl "180+2"]
[Date "2023.01.10"]
[WhiteClock "0:00:10"]
[BlackClock "0:00:19"]

1. d4 g6 2. e4 d5 3. exd5 Qxd5 4. Nc3 Qd6 5. Bc4 Bg7 6. Nge2 Nf6 7. O-O a6 8. Bf4 Qd8 9. Re1 O-O 10. a4 Nc6 11. Qd2 b6 12. d5 Nb4 13. Rad1 Bb7 14. Bb3 Qd7 15. Bh6 Rad8 16. Bxg7 Kxg7 17. Qf4 a5 18. Ng3 Rfe8 19. h4 Qg4 20. Qxc7 Rd7 21. Qxb6 Qxh4 22. Qxa5 Na6 23. Qb5 Red8 24. Qc4 Ng4 25. f3 Qh2+ 26. Kf1 Qxg3 27. Qxg4 Qh2 28. Kf2 Qc7 29. Qd4+ f6 30. Nb5 Qb8 31. Qe3 Nc7 32. Nd4 Qc8 33. c4 Rh8 34. Bc2 Qf8 35. b4 Qf7 36. b5 h5 37. a5 Kg8 38. a6 Bxa6 39. bxa6 Nxa6 40. Qe6 Qxe6 41. Nxe6 Kf7 42. c5 Rc8 43. Ba4 Rb7 44. Bc6 Rb3 45. Re3 Rb2+ 46. Re2 Rb4 47. Rde1 g5 48. Re4 Rb2+ 49. R1e2 Rb3 50. R4e3 Rb1 51. g3 h4 52. gxh4 gxh4 53. Re4 Rh1 54. Bb7 Nxc5 55. Bxc8 Nxe4+ 56. Rxe4 Kg6 57. Nf4+ Kf7 58. Be6+ Kg7 59. Bf5 Kf7 60. Bg6+ Kg8 61. Rxe7 Kf8 62. Rf7+ Kg8 63. Ne6 h3 64. Rg7+ Kh8 65. Rh7+ Kg8 66. Bf5 h2 67. Rh3 Kf7 68. Kg2 Rd1 69. Rxh2 Rxd5 70. Bg4 f5 71. Ng5+ Kg6 72. Bxf5+ Kxf5 73. Ne4 Kf4 74. Rh4+ Ke3 75. Kg3 Rd8 76. Ng5 Rd1 77. Re4+ Kd3 78. Kf4 Rh1 79. Re8 Rh5 80. Kf5 Kd4 81. f4 Rh6 82. Rd8+ Kc5 83. Nf7 Rh5+ 84. Kg6 Rh4 85. f5 Rg4+ 86. Ng5 Rd4 87. Rxd4 1-0


[Site "https://www.chess.com"]

[Event "Titled Tuesday Blitz January 10 Late 2023"]
[White "Pakleza, Zbigniew"]
[Black "Fisher_TheGalactic"]
[WhiteFideId "1119290"]
[WhiteElo "2494"]
[BlackElo "2556"]
[Result "0-1"]
[Round "02"]
[TimeControl "180+2"]
[Date "2023.01.10"]
[WhiteClock "0:00:01"]
[BlackClock "0:00:12"]

1. d4 d5 2. Bf4 Nf6 3. e3 e6 4. Nd2 Bd6 5. Bg3 O-O 6. Ngf3 c5 7. c3 Nc6 8. Bd3 Qe7 9. Ne5 Nd7 10. Nxd7 Bxd7 11. Bxd6 Qxd6 12. dxc5 Qxc5 13. Bxh7+ Kxh7 14. Qh5+ Kg8 15. Ne4 Qc4 16. Ng5 Qd3 17. e4 Rfd8 18. Qxf7+ Kh8 19. Qh5+ Kg8 20. Rd1 Qc4 21. Qh7+ Kf8 22. Qh8+ Ke7 23. Qxg7+ Kd6 24. Nf7+ Kc7 25. Qg3+ Kb6 26. Nd6 Qa4 27. O-O Rg8 28. Qe3+ Kc7 29. b3 Qa5 30. exd5 exd5 31. c4 d4 32. Nb5+ Qxb5 33. cxb5 dxe3 34. fxe3 Ne5 35. Rd5 Rae8 36. Rc1+ Kb8 37. Rcc5 Rg5 38. a4 Bc8 39. Kf1 Rf8+ 40. Ke1 Rff5 41. e4 Nd3+ 42. Ke2 Rxd5 43. Rxd5 Nf4+ 44. Kf3 Nxd5 45. exd5 Rxd5 0-1


[Site "https://www.chess.com"]

[Event "Titled Tuesday Blitz January 10 Late 2023"]
[White "Manukyan, Sargis A."]
[Black "Putnam, Liam"]
[WhiteFideId "13303970"]
[BlackFideId "30938279"]
[WhiteElo "2158"]
[BlackElo "2285"]
[Result "1-0"]
[Round "02"]
[TimeControl "180+2"]
[Date "2023.01.10"]
[WhiteClock "0:00:40"]
[BlackClock "0:00:12"]

1. d4 Nc6 2. Nf3 e6 3. e3 Nf6 4. Be2 d5 5. O-O Bd6 6. b3 O-O 7. Bb2 a5 8. a4 Qe7 9. Ne5 Nd7 10. f4 f6 11. Nxc6 bxc6 12. Nd2 c5 13. Bd3 Rb8 14. Rf3 f5 15. g3 cxd4 16. exd4 c5 17. Bb5 Nf6 18. Rf1 Bd7 19. Be2 Rfc8 20. Nf3 Ne4 21. Ne5 cxd4 22. Bxd4 Rb4 23. Bb2 Nc3 24. Bxc3 Rxc3 25. Nxd7 Qxd7 26. Bd3 h6 27. Qe2 Rc7 28. Rae1 Kf7 29. Qh5+ Kg8 30. Qg6 Bc5+ 31. Kg2 Rb6 32. Re2 Qf7 33. Qxf7+ Kxf7 34. Rfe1 g6 35. Kf3 Bb4 36. Rd1 Bc3 37. h4 Kf6 38. Bb5 Re7 39. Rd3 Bb4 40. c4 Rd6 41. cxd5 exd5 42. Rxe7 Kxe7 43. Re3+ Kf6 44. Ke2 d4 45. Re5 Rd8 46. Bc4 Rd6 47. Rb5 Bc3 48. Rb7 Rd8 49. Rf7# 1-0


[Site "https://www.chess.com"]

[Event "Titled Tuesday Blitz January 10 Late 2023"]
[White "Mendez Fortes, Eduardo Jesus"]
[Black "Mikaelyan, Arman"]
[WhiteFideId "3502376"]
[BlackFideId "13304852"]
[WhiteElo "2250"]
[BlackElo "2523"]
[Result "1-0"]
[Round "02"]
[TimeControl "180+2"]
[Date "2023.01.10"]
[WhiteClock "0:00:09"]
[BlackClock "0:00:27"]

1. e4 c5 2. Nf3 Nc6 3. d4 cxd4 4. Nxd4 Qb6 5. Nb3 Nf6 6. Nc3 e6 7. Qe2 Bb4 8. Bd2 O-O 9. a3 Bxc3 10. Bxc3 e5 11. O-O-O d6 12. Rxd6 Nd4 13. Bxd4 Qxd6 14. Bc5 Qc6 15. Bxf8 Kxf8 16. f3 Be6 17. Qb5 Rc8 18. Qxc6 Rxc6 19. Na5 Rc7 20. b3 Nd7 21. Nc4 b5 22. Ne3 Bxb3 23. Bxb5 Nb6 24. Rd1 g6 25. Kb2 Ba4 26. Bd3 Ke7 27. Rd2 Ke6 28. c4 Rb7 29. Kc3 Nd7 30. Bc2 Nc5 31. Rd5 Bxc2 32. Nxc2 Rb3+ 33. Kd2 Nd7 34. Ra5 Nb6 35. Ra6 Kd7 36. Rxa7+ Kc6 37. Ne3 Rb2+ 38. Kc3 Re2 39. Nd5 Nd7 40. Nb4+ Kd6 41. Ra6+ Kc7 42. Ra7+ Kd6 43. Nd3 Rxg2 44. a4 Rxh2 45. a5 Ra2 46. a6 h5 47. Ra8 Nb6 48. c5+ Kc7 49. cxb6+ Kxb6 50. Nxe5 h4 51. Rh8 g5 52. Nxf7 Ra3+ 53. Kd4 Rxf3 54. Rh6+ Ka7 55. Nxg5 Rf4 56. Kd5 Rg4 57. Nf3 Rg8 58. Rxh4 Rd8+ 59. Ke5 Re8+ 60. Kf4 Rd8 61. e5 Kxa6 62. Ke4 Kb5 63. Nd4+ Kc4 64. Kf5 Kd5 65. Ne6 Rd7 66. Rd4+ Kc6 67. Rxd7 Kxd7 68. Kf6 Ke8 69. Nf4 Kf8 70. e6 Ke8 71. Nd5 Kf8 72. e7+ Ke8 73. Nc7+ Kd7 74. e8=Q+ Kd6 75. Qe6+ Kc5 76. Qd5+ Kb6 77. Qb5+ Ka7 78. Ne8 Ka8 79. Nd6 1-0


[Site "https://www.chess.com"]